[Event "Early-Titled-Tuesday-Blitz-May-28-2024"]
[Site "Chess.com"]
[Date "2024.05.28"]
[Round "4"]
[White "Yeritsyaan"]
[Black "Bob_2004"]
[Result "0-1"]
[WhiteElo "2703"]
[BlackElo "2509"]
[TimeControl "180+1"]
[EndTime "8:39:57 PDT"]
[Termination "Bob_2004 won by resignation"]

1. b3 Nf6 2. Bb2 g6 3. e4 d6 4. Nf3 Bg7 5. d3 O-O 6. Nbd2 a5 7. Be2 a4 8. O-O c5 9. e5 Nfd7 10. d4 cxd4 11. exd6 e5 12. c3 a3 13. Bc1 f5 14.
cxd4 e4 15. Ne5 Nxe5 16. dxe5 Bxe5 17. Rb1 Bxd6 18. Nc4 Be7 19. Qxd8 Rxd8 20. Nb6 Ra5 21. b4 Ra7 22. Bf4 Nc6 23. Bc4+ Kf8 24. b5 Na5 25. Be2 Be6 26. Rbd1 Rxd1 27. Rxd1 Bc5 28. Nd7+ Bxd7 29.
Rxd7 Ra8 30. Rxh7 Kg8 31. Rd7 Rc8 32. h4 Bf8 33. h5 Rc2 34. Bd1 Rxa2 35. hxg6 Ra1 36.
Be5 Rb1 37. g7 Bxg7 38. Rxg7+ Kf8 39. Rd7 Nc4 40. Bg7+ Ke8 41. Rd4 Nb2 42. Kh2 a2 43. Bh5+ Ke7 44. Ra4 Nxa4 45. Bd4 a1=Q 46. Bxa1 Rxa1 47.
Bg6 Kf6 0-1

[Event "Early-Titled-Tuesday-Blitz-May-28-2024"]
[Site "Chess.com"]
[Date "2024.05.28"]
[Round "4"]
[White "GlavkonVVS"]
[Black "Quattroporte300"]
[Result "1/2-1/2"]
[WhiteElo "2582"]
[BlackElo "2397"]
[TimeControl "180+1"]
[EndTime "8:39:57 PDT"]
[Termination "Game drawn by repetition"]

1. c4 c6 2. g3 d5 3. Bg2 e5 4. Nf3 e4 5. Nd4 Nf6 6. cxd5 cxd5 7. O-O Nc6 8. Nxc6 bxc6 9. d3 exd3 10. Qxd3 Be7 11.
b3 O-O 12. Bb2 a5 13. Qc2 Qb6 14. Nc3 Be6 15. Na4 Qb5 16. Rac1 Rac8 17. Rfd1 Rfd8 18. Bf1 Ne4 19. f3 Nf6 20. e4 Qb7 21. e5 Nd7 22. f4 Bg4 23. Be2 Bxe2 24. Qxe2 c5 25. e6 Nf6 26. exf7+ Kxf7 27. Re1 Rc6 28. Nc3 Qd7 29.
Rcd1 Re6 30. Qf3 d4 31. Ne4 Nxe4 32. Rxe4 Qd5 33. Rde1 Rxe4 34. Rxe4 Bf6 35. Qd3 Re8 36. Rxe8 Kxe8 37. Qxh7 d3 38. Bxf6 gxf6 39. Qg6+ Ke7 40.
Qg7+ Ke8 41. Qg6+ Ke7 42. Qh7+ Kf8 43. Qh6+ Kf7 44. Qh7+ Kf8 45. Qh8+ Kf7 46. Qh7+ Ke8 47. Qg6+ 1/2-1/2

[Event "Early-Titled-Tuesday-Blitz-May-28-2024"]
[Site "Chess.com"]
[Date "2024.05.28"]
[Round "4"]
[White "balack95"]
[Black "MarlonJodar"]
[Result "1-0"]
[WhiteElo "2502"]
[BlackElo "2310"]
[TimeControl "180+1"]
[EndTime "8:39:57 PDT"]
[Termination "balack95 won on time"]

1. Nf3 d5 2. c4 c6 3. g3 Nf6 4.
Bg2 Bf5 5. O-O e6 6. b3 Be7 7. Bb2 Nbd7 8. d3 h6 9. Nc3 O-O 10. Re1 Bh7 11. Rc1 a5 12. e4 dxe4 13. dxe4 e5 14.
Qe2 Qc7 15. Nh4 Rfe8 16. Nf5 Bf8 17. Red1 Nc5 18. h4 Ne6 19. Nd5 Nxd5 20. cxd5 Bxf5 21.
exf5 Nd4 22. Qg4 c5 23. Bxd4 exd4 24. Rxd4 Qd6 25. Rdd1 b6 26. Re1 Rad8 27. Qc4 Qf6 28. Qg4 Bd6 29. a4 Re5 30. Rxe5 Qxe5 31. Qe4 Re8 32.
Qxe5 Rxe5 33. g4 Re2 34. Bf3 Rb2 35. Rc3 Kf8 36. Kg2 Be5 37. Rd3 Bd4 38. d6 Rxf2+ 39.
Kg3 Rb2 40. Bc6 Rc2 41. Kf3 Rc3 42. Rxc3 Bxc3 43. Ke4 Be1 44. h5 Bg3 45. Kd5 Bf4 46.
Bd7 Bg3 47. Kc6 c4 48. bxc4 Bf2 49. Kc7 Bc5 50. Bc6 Be3 51. d7 Bf4+ 52. Kc8 1-0

[Event "Early-Titled-Tuesday-Blitz-May-28-2024"]
[Site "Chess.com"]
[Date "2024.05.28"]
[Round "4"]
[White "Masterbeaterr"]
[Black "Mackster23"]
[Result "1-0"]
[WhiteElo "2476"]
[BlackElo "2671"]
[TimeControl "180+1"]
[EndTime "8:39:58 PDT"]
[Termination "Masterbeaterr won by resignation"]

1. d4 Nf6 2. c4 e6 3. Nc3 Bb4 4. f3 c5 5. a3 Bxc3+ 6. bxc3 Nc6 7. e4 d6 8. Bg5 h6 9. Bh4 Qa5 10. Qd2 cxd4 11. Bxf6 gxf6 12. cxd4 Qxd2+ 13. Kxd2 Nxd4 14. Kc3 Nc6 15. Ne2 Ke7 16. Rb1 b6 17. Nd4 Na5 18. Be2 Ba6 19. Kb4 Rhc8 20. Nb5 Bxb5 21. cxb5 Rc2 22. Rhe1 Rac8 23. a4 Rd2 24. Bf1 Rcc2 25. Rec1 Kd7 26. h4 Rd4+ 27. Ka3 Nc4+ 28. Kb3 Rxc1 29.
Rxc1 Ne3 30. g4 d5 31. exd5 Nxd5 32. Be2 Rd2 33. Bc4 Ne3 34. Rc3 Nxc4 35. Kxc4 Kd6 36.
Re3 e5 37. Re4 Ra2 38. Kb3 Rf2 39. Re3 Kd5 40. Kc3 Ra2 41. Rd3+ Ke6 42. Kb3 Rf2 43. Kc4 f5 44. gxf5+ Kxf5 45. Rd7 f6 46. Rxa7 Rxf3 47. a5 bxa5 48. b6 Rf1 49. Rxa5 Rc1+ 50. Kd5 Rb1 51. Kc6 Rc1+ 52. Rc5 Rg1 53. b7 Rg8 54. Kc7 Kf4 55.
b8=Q Rxb8 56. Kxb8 e4 57. Kc7 e3 58. Kd6 e2 59.
Rc1 Ke3 60. Ke6 Kd2 61. Ra1 e1=Q+ 62. Rxe1 Kxe1 63. Kxf6 Ke2 64. Kg6 Ke3 65. Kxh6 Kf4 66. Kg6 1-0

[Event "Early-Titled-Tuesday-Blitz-May-28-2024"]
[Site "Chess.com"]
[Date "2024.05.28"]
[Round "4"]
[White "CarlosAlbornoz"]
[Black "Grischuk"]
[Result "0-1"]
[WhiteElo "2840"]
[BlackElo "3119"]
[TimeControl "180+1"]
[EndTime "8:39:59 PDT"]
[Termination "Grischuk won on time"]

1. Nf3 d5 2. d4 Nf6 3. c4 c6 4. Nc3 dxc4 5. a4 Bf5 6. Nh4 e6 7. Nxf5 exf5 8. e3 Bb4 9. Bxc4 O-O 10. O-O Nbd7 11. Qc2 Nb6 12. Bb3 Qd7 13. a5 Nbd5 14.
Nxd5 cxd5 15. Bd2 Rac8 16. Qd3 Bxd2 17. Qxd2 h5 18. Rfc1 g6 19. Bd1 h4 20. h3 Kg7 21. Qb4 Rxc1 22. Rxc1 Rc8 23. Rxc8 Qxc8 24. Qc5 Qb8 25. Bf3 b6 26. axb6 axb6 27. Qc6 Qd8 28. b4 g5 29. b5 g4 30. hxg4 fxg4 31. Bd1 Qe7 32. Qc3 Qd6 33. Bc2 g3 34. f3 Qe6 35.
e4 h3 36. e5 h2+ 37. Kh1 Nh5 38. Qd3 Qh6 39. f4 Qxf4 40. Qh7+ Kf8 41. Qh8+ Ke7 0-1

[Event "Early-Titled-Tuesday-Blitz-May-28-2024"]
[Site "Chess.com"]
[Date "2024.05.28"]
[Round "4"]
[White "Giantgoogachess"]
[Black "Zhigalko_Sergei"]
[Result "0-1"]
[WhiteElo "2364"]
[BlackElo "2890"]
[TimeControl "180+1"]
[EndTime "8:40:01 PDT"]
[Termination "Zhigalko_Sergei won by checkmate"]

1. d4 Nf6 2. c4 e6 3. Nc3 Bb4 4. e3 O-O 5. Bd3 d5 6. cxd5 exd5 7. a3 Bd6 8. Qc2 c6 9. Nge2 Re8 10. Bd2 Qe7 11. f3 c5 12. Nb5 c4 13. Nxd6 Qxd6 14. Bf5 Nc6 15. Kf2 b5 16. g4 a5 17. h4 b4 18. axb4 Bxf5 19. Qxf5 Nxb4 20. Nf4 Nc6 21. g5 Ne7 22. Qc2 Nd7 23. Bxa5 Ng6 24. Nxg6 fxg6 25. h5 Qe7 26. Bd2 Rxa1 27. Rxa1 Qxg5 28.
hxg6 Qh4+ 29. Kg2 Qg5+ 30. Kf2 hxg6 31. Rg1 Qh4+ 32. Rg3 Re6 33. Kg2 Kf7 34. Qa4 Nf6 35.
Bb4 Qh5 36. Qa7+ Kg8 37. Bd2 Qf5 38. Qb8+ Re8 39. Qb4 Qd3 40. Qc3 Qe2+ 41. Kg1 Kf7 42. b3 Rh8 43. Rg2 Qxf3 44. bxc4 Qd1+ 45. Kf2 Ne4# 0-1

[Event "Early-Titled-Tuesday-Blitz-May-28-2024"]
[Site "Chess.com"]
[Date "2024.05.28"]
[Round "4"]
[White "Ginger_GM"]
[Black "GMMikhailKazakov"]
[Result "1-0"]
[WhiteElo "2741"]
[BlackElo "2518"]
[TimeControl "180+1"]
[EndTime "8:40:01 PDT"]
[Termination "Ginger_GM won on time"]

1. f4 d5 2. Nf3 Nf6 3. e3 c5 4. b3 a6 5. Bb2 Nc6 6. Be2 Bf5 7. O-O e6 8. Ne5 Nxe5 9. fxe5 Nd7 10. Bg4 Bg6 11.
Qf3 Qc7 12. Qf4 O-O-O 13. c4 Nb6 14. Nc3 dxc4 15. bxc4 Rxd2 16. Rf2 Rxf2 17. Kxf2 Be7 18. Rd1 Rd8 19. Nd5 Nxd5 20. cxd5 h5 21. d6 Bh4+ 22.
g3 Qb6 23. Bc3 hxg4 24. gxh4 Kb8 25. Qc4 Qc6 26. Qf4 Bf5 27. Re1 Qd5 28. e4 Qxa2+ 29. Re2 Qc4 30. Bd2 Bg6 31. Qxg4 Ka7 32. h5 Bh7 33.
Be3 b6 34. Qxg7 Bxe4 35. Qxf7+ Bb7 36. h6 Qh4+ 37. Kf1 Rc8 38. Qf6 Qh3+ 39. Ke1 Rg8 40. d7 Qh5 41. d8=Q Rxd8 42. Qxd8 Qxe5 43. h7 Qa1+ 44. Kf2 1-0

[Event "Early-Titled-Tuesday-Blitz-May-28-2024"]
[Site "Chess.com"]
[Date "2024.05.28"]
[Round "4"]
[White "emeli_chess"]
[Black "jamesaltucher"]
[Result "1-0"]
[WhiteElo "2432"]
[BlackElo "2056"]
[TimeControl "180+1"]
[EndTime "8:40:01 PDT"]
[Termination "emeli_chess won on time"]

1. d4 Nf6 2. c4 g6 3. Nc3 Bg7 4. e4 d6 5. f3 O-O 6. Be3 Nc6 7. Nge2 a5 8. Qd2 Nd7 9. Bh6 Nb6 10. Bxg7 Kxg7 11. d5 Nxc4 12. Qc1 N6e5 13. Ng3 Nb6 14.
f4 Ng4 15. f5 e6 16. Bd3 Qh4 17. Qf4 exf5 18. O-O-O Qh6 19. Qxh6+ Nxh6 20. exf5 Nxf5 21. Nxf5+ Bxf5 22. Bxf5 gxf5 23. Rhf1 Nc4 24. Rd4 Ne5 25. Rxf5 Kg6 26. Rf1 f5 27. Ne2 Rae8 28. Nf4+ Kf6 29.
Ne6 Rf7 30. g4 Kg6 31. gxf5+ Kf6 32. Rdf4 Nd3+ 33. Kc2 Nxf4 34. Rxf4 Ke5 35. Rh4 Rxf5 36. Nxc7 Rc8 37. Rc4 Rf4 38. Rc3 Rf2+ 39. Kb3 Rxh2 40. Ka4 Rh4+ 41. Kxa5 Rd4 42. Kb6 1-0

[Event "Early-Titled-Tuesday-Blitz-May-28-2024"]
[Site "Chess.com"]
[Date "2024.05.28"]
[Round "4"]
[White "JeFumeDesClopes"]
[Black "Kacparov"]
[Result "0-1"]
[WhiteElo "2703"]
[BlackElo "2927"]
[TimeControl "180+1"]
[EndTime "8:40:02 PDT"]
[Termination "Kacparov won by resignation"]

1. Nf3 d5 2. g3 c6 3. c4 Nf6 4.
Bg2 Bg4 5. Qb3 Qb6 6. d3 Nbd7 7.
Be3 Qxb3 8. axb3 a6 9. Bd4 Bxf3 10. Bxf3 e5 11. Bc3 Bd6 12. b4 Ke7 13. e3 h5 14.
h3 e4 15. dxe4 dxe4 16. Bg2 Ne5 17. c5 Bc7 18. Nd2 Nd5 19. Bxe4 Nxc3 20. bxc3 Rad8 21. Ke2 f6 22. f4 Nf7 23. Nf3 g5 24. Nd4 h4 25.
Rag1 hxg3 26. Rxg3 gxf4 27. Rg7 Rdg8 28. Rxg8 Rxg8 29.
exf4 Bxf4 30. Nf5+ Kd8 31. Kf3 Be5 32. c4 Ng5+ 33. Ke3 Ne6 34. h4 Rh8 35. Kf3 Kc7 36. Rg1 Bc3 37. Rb1 a5 38. bxa5 Nxc5 39. Bc2 Bxa5 40. Rg1 Ne6 41. Rg6 Bc3 42. Kg4 Be5 43.
h5 b5 44. c5 Nxc5 45. h6 Ne6 46. Ng7 Nf4 47. Rg5 fxg5 0-1

[Event "Early-Titled-Tuesday-Blitz-May-28-2024"]
[Site "Chess.com"]
[Date "2024.05.28"]
[Round "4"]
[White "SipahiPower"]
[Black "KNVB"]
[Result "0-1"]
[WhiteElo "2514"]
[BlackElo "2762"]
[TimeControl "180+1"]
[EndTime "8:40:05 PDT"]
[Termination "KNVB won on time"]

1. d4 e5 2. c4 exd4 3. Qxd4 Nc6 4. Qd2 Bb4 5. Nc3 Nf6 6. Nf3 Ne4 7. Qc2 Bxc3+ 8. bxc3 Qe7 9. e3 d6 10. Bd3 Nc5 11. O-O Nxd3 12. Qxd3 O-O 13. e4 Re8 14. Re1 b6 15. Bg5 Qe6 16. Nd4 Qg6 17. Nxc6 Qxg5 18. Re3 Qc5 19. Nd4 Ba6 20. Nb5 Re7 21. Rae1 Rae8 22.
h3 g6 23. R1e2 Re6 24. Re1 R8e7 25. a4 c6 26. Nd4 Bxc4 27. Qd1 Rf6 28. Nf3 Kg7 29. Nd4 b5 30. axb5 cxb5 31. Qd2 a5 32.
Nf3 Rfe6 33. Qd4+ Qxd4 34. cxd4 a4 35. d5 Rf6 36. Nd4 a3 37. Nc6 Rc7 38. Rxa3 h5 39. Rae3 g5 40. g3 g4 41. hxg4 hxg4 42. Kg2 Rh6 43.
Rh1 Rxh1 44. Kxh1 f5 45. exf5 Bxd5+ 46. Kg1 Rxc6 0-1

[Event "Early-Titled-Tuesday-Blitz-May-28-2024"]
[Site "Chess.com"]
[Date "2024.05.28"]
[Round "4"]
[White "andrzej"]
[Black "littlepinkyboy"]
[Result "1-0"]
[WhiteElo "2489"]
[BlackElo "2626"]
[TimeControl "180+1"]
[EndTime "8:40:05 PDT"]
[Termination "andrzej won by resignation"]

1. e4 c5 2. Nf3 e6 3. d4 cxd4 4. Nxd4 Nc6 5. Bf4 d6 6. Nxc6 bxc6 7. c4 e5 8. Be3 Nf6 9. Nc3 Be7 10. Be2 O-O 11. O-O Be6 12. b4 Ne8 13. b5 cxb5 14. cxb5 Nc7 15. b6 axb6 16. Bxb6 Qd7 17. a4 f5 18.
exf5 Rxf5 19. Bg4 Rg5 20. Bf3 Rf8 21. a5 Na6 22. Rc1 Bh3 23. g3 Bxf1 24. Kxf1 Rgf5 25. Bd5+ Kh8 26. Kg1 Bd8 27. Ne4 Nb4 28. Qb3 Nxd5 29. Qxd5 Bxb6 30. axb6 Rb8 31. Rc7 Qd8 32. Nxd6 Rf6 33.
Nf7+ Rxf7 34. Qxf7 Qd1+ 35. Kg2 Qg4 36. b7 h6 37. h3 Qe4+ 38. Qf3 Qxf3+ 39. Kxf3 Rf8+ 40. Ke4 1-0

[Event "Early-Titled-Tuesday-Blitz-May-28-2024"]
[Site "Chess.com"]
[Date "2024.05.28"]
[Round "4"]
[White "GMthekingindian"]
[Black "GMAneta"]
[Result "0-1"]
[WhiteElo "2360"]
[BlackElo "2544"]
[TimeControl "180+1"]
[EndTime "8:40:05 PDT"]
[Termination "GMAneta won on time"]

1. d4 d5 2. Nf3 Nf6 3. g3 g6 4. Bg2 Bg7 5. O-O O-O 6. b3 c5 7. Bb2 cxd4 8. Nxd4 Nbd7 9. c4 dxc4 10. bxc4 a6 11. Nc3 Nc5 12. Qd2 Qb6 13. Rab1 Rd8 14. Nd5 Nxd5 15. cxd5 e5 16. Ba3 Qd6 17. Rfc1 b6 18. Nb3 Nxb3 19. Rxb3 Qf6 20. Qb2 Rb8 21. d6 b5 22. Bb4 Be6 23. Rbc3 Bc4 24. Ba5 Qxd6 25. Bxd8 Rxd8 26. Qc2 e4 27. Rxc4 bxc4 28.
Qxc4 e3 29. fxe3 Qd2 30. Rf1 Qxe3+ 31. Kh1 Rf8 32. Qxa6 Bd4 33. Qd3 Qe5 34. Qe4 Qc5 35. a4 Kg7 36. Qd5 Qb4 37. h3 Bf6 38. Rf4 Qb1+ 39.
Kh2 Re8 40. Rf2 Re7 41. Qf3 Qb2 42. e4 Qd4 0-1

[Event "Early-Titled-Tuesday-Blitz-May-28-2024"]
[Site "Chess.com"]
[Date "2024.05.28"]
[Round "4"]
[White "microbear"]
[Black "JAN2404"]
[Result "1/2-1/2"]
[WhiteElo "2295"]
[BlackElo "1957"]
[TimeControl "180+1"]
[EndTime "8:40:05 PDT"]
[Termination "Game drawn - insufficient material"]

1. e4 c5 2. Nf3 d6 3. d4 cxd4 4. Nxd4 Nf6 5. Nc3 Nc6 6. Be3 Ng4 7. Nxc6 bxc6 8. Qd2 g6 9. Bc4 Bg7 10. O-O O-O 11. Bg5 Qc7 12. h3 Nf6 13. Bb3 Ba6 14.
Rfe1 Rad8 15. Rad1 d5 16. exd5 cxd5 17. Bxf6 exf6 18. Nxd5 Qb8 19. Qa5 Bb7 20. Ne3 f5 21. c3 f4 22. Nd5 Kh8 23. Qc7 Qxc7 24. Nxc7 f3 25. gxf3 Bxf3 26. Rxd8 Rxd8 27. Re8+ Rxe8 28.
Nxe8 f5 29. Nxg7 Kxg7 30. Kh2 Kf6 31. Kg3 Be4 32. Kf4 h6 33. h4 g5+ 34. hxg5+ hxg5+ 35. Ke3 Ke5 36. a3 f4+ 37. Kd2 g4 38. Bc4 g3 39.
fxg3 fxg3 40. Bf1 g2 41. Bxg2 Bxg2 42. Ke3 Kd5 43. Kd3 Kc5 44. b4+ Kb5 45. Kd4 Bf1 46. Kd5 a5 47. bxa5 Kxa5 48. c4 Bxc4+ 49.
Kxc4 Ka4 50. Kc5 Kxa3 1/2-1/2

[Event "Early-Titled-Tuesday-Blitz-May-28-2024"]
[Site "Chess.com"]
[Date "2024.05.28"]
[Round "4"]
[White "abelmat"]
[Black "verrbaa"]
[Result "0-1"]
[WhiteElo "2056"]
[BlackElo "2435"]
[TimeControl "180+1"]
[EndTime "8:40:06 PDT"]
[Termination "verrbaa won by checkmate"]

1. c4 Nf6 2. Nc3 g6 3. Nf3 Bg7 4. g3 O-O 5. Bg2 d5 6. d4 dxc4 7. O-O c5 8. e3 cxd4 9. exd4 Nc6 10. d5 Nb4 11. Qe2 Nfxd5 12. Nxd5 Nxd5 13. Qxc4 e6 14. Bg5 Qb6 15. Rab1 Bd7 16. Rfe1 Rac8 17. Qh4 Rc2 18. Rf1 Bb5 19. Bh6 Bxf1 20. Rxf1 f6 21. Bxg7 Kxg7 22. Bh3 Rxb2 23. Qe4 Nc7 24. Nd4 e5 25.
Nf3 Na6 26. a4 Rd8 27. Nh4 Qb4 28. Qf3 Rdd2 29. Be6 Qe7 30. Bd5 Nc5 31. Bc4 e4 32. Qg4 Qe5 33. Nf5+ Qxf5 34. Qh4 Qe5 35. Qh3 Qd4 36. Bb5 Rxf2 37. Qd7+ Qxd7 38. Rxf2 Qd4 39. Kg2 Qxf2+ 40. Kh3 f5 41. Kh4 Qxh2+ 42. Kg5 Qxg3# 0-1

[Event "Early-Titled-Tuesday-Blitz-May-28-2024"]
[Site "Chess.com"]
[Date "2024.05.28"]
[Round "4"]
[White "johnathan113"]
[Black "Bauman_Guy"]
[Result "0-1"]
[WhiteElo "2717"]
[BlackElo "2931"]
[TimeControl "180+1"]
[EndTime "8:40:07 PDT"]
[Termination "Bauman_Guy won on time"]

1. e4 c5 2. Nf3 d6 3. d4 Nf6 4.
Nc3 cxd4 5. Nxd4 a6 6. Be2 e5 7. Nb3 Be7 8. Bg5 Be6 9. Bxf6 Bxf6 10. Qd3 Be7 11. O-O-O Nd7 12. Nd5 Nb6 13. Nxe7 Kxe7 14. f4 exf4 15. g3 f3 16. Bxf3 Qc7 17. Nd4 Nc4 18.
Be2 Ne5 19. Qa3 Rhc8 20. Rd2 Qc5 21. Qe3 Rc7 22. Kb1 Rac8 23. Rhd1 h6 24. g4 Nc6 25. c3 b5 26. Qg3 Qe5 27. Qh4+ g5 28. Qf2 Qf4 29. Qxf4 gxf4 30. Rf1 Ne5 31. Rxf4 b4 32. Bxa6 bxc3 33. bxc3 Ra8 34. Be2 Rxc3 35. Nxe6 fxe6 36. Rc2 Rxc2 37. Kxc2 Rxa2+ 38. Kd1 Ng6 39. Rf3 e5 40.
Bc4 Rxh2 41. Rf7+ Ke8 42. Rf6 Nf4 43. Rxd6 Ke7 44. Rb6 Rh4 45. Kd2 Rh3 46. Bd5 h5 47. gxh5 Rxh5 48. Rb7+ Kd6 49. Ra7 Rh3 50. Ra6+ Kc5 51.
Ra5+ Kb4 52. Ra8 Rd3+ 53. Kc2 Kc5 54. Rc8+ Kd4 55. Rc4+ Ke3 56. Rc8 Nxd5 57. exd5 Rxd5 58. Re8 e4 59. Rh8 Kf2 60. Rh2+ Kg3 61. Rh8 e3 62.
Rg8+ Kf2 63. Rf8+ Ke1 64. Rd8 Rxd8 0-1

[Event "Early-Titled-Tuesday-Blitz-May-28-2024"]
[Site "Chess.com"]
[Date "2024.05.28"]
[Round "4"]
[White "Msb2"]
[Black "andrew-blr"]
[Result "1/2-1/2"]
[WhiteElo "3038"]
[BlackElo "2619"]
[TimeControl "180+1"]
[EndTime "8:40:07 PDT"]
[Termination "Game drawn by repetition"]

1. d4 d5 2. c4 e6 3. Nc3 c5 4.
cxd5 exd5 5. Nf3 Nc6 6. dxc5 d4 7. Na4 Bxc5 8. Nxc5 Qa5+ 9. Bd2 Qxc5 10. b4 Qb6 11. a4 a6 12. b5 axb5 13. axb5 Rxa1 14. Qxa1 Qxb5 15. e3 Qd5 16. Nxd4 Nxd4 17. Qxd4 Qxd4 18. exd4 Nf6 19. f3 Be6 20. Kf2 Bd5 21. Bb5+ Bc6 22. Bd3 Nd5 23. Re1+ Kd7 24. Bf5+ Kc7 25. h4 g6 26. Bd3 Ra8 27. Kg3 Ra4 28. Be4 Rxd4 29. Bh6 f5 30. Bb1 f4+ 31. Kh2 Rd2 32. Be4 b5 33.
Bxd5 Rxd5 34. Bxf4+ Kb6 35. Be3+ Ka5 36. Ra1+ Kb4 37.
Ra6 Bd7 38. Rf6 Kc4 39. Rf4+ Kb3 40. Bf2 h5 41. Kg3 Bf5 42. Be1 Bd3 43. Rf6 b4 44. Rb6 Rb5 45. Rxb5 Bxb5 46. Kf4 Bd3 47. Ke3 Bf1 48.
g4 hxg4 49. fxg4 Bc4 50. Kd4 Be6 51. g5 Bg4 52. Kc5 Bh5 53. Bxb4 Kc2 54. Kd4 Kb3 55. Ba5 Kc2 56. Ke3 Kb3 57. Be1 Kc4 58. Ke4 Kb5 59.
Kd4 Kc6 60. Bc3 Kd7 61. Kd5 Kc7 62. Bd4 Kb7 63. Kd6 Ka6 64. Kc5 Kb7 65. Bc3 Kc8 66.
Kc6 Bf3+ 67. Kd6 Bh5 68. Bf6 Kb7 69. Kc5 Kc8 70. Kc6 Bf3+ 71. Kd6 Bh5 72. Bc3 Kb7 73.
Ba5 Ka6 74. Bd8 Kb7 75. Bc7 Kc8 76. Bb6 Kb7 77. Bd4 Kc8 78. Be5 Kb7 79. Bd4 1/2-1/2

[Event "Early-Titled-Tuesday-Blitz-May-28-2024"]
[Site "Chess.com"]
[Date "2024.05.28"]
[Round "4"]
[White "The_Machine04"]
[Black "Barmen_EV"]
[Result "1-0"]
[WhiteElo "2809"]
[BlackElo "2568"]
[TimeControl "180+1"]
[EndTime "8:40:08 PDT"]
[Termination "The_Machine04 won on time"]

1. d4 Nf6 2. Nf3 g6 3. Nbd2 Bg7 4. e4 d6 5. Bc4 O-O 6. O-O Nc6 7. c3 e5 8. dxe5 dxe5 9. Qe2 Nh5 10. g3 Bg4 11.
Kg2 Qd7 12. Rd1 Rad8 13. Bb3 Bh3+ 14. Kh1 Kh8 15. Ng1 Bg4 16. f3 Be6 17. Nf1 Qe7 18. Rxd8 Rxd8 19. Be3 f5 20. Rd1 fxe4 21. Rxd8+ Nxd8 22. fxe4 Bxb3 23. axb3 Nf6 24. Nd2 Ne6 25. Ngf3 Nd7 26.
b4 h6 27. Qc4 g5 28. Kg2 Bf6 29. Nf1 g4 30. N3d2 h5 31. Bf2 Ng5 32. Ne3 Nb6 33.
Qd3 Qd6 34. Qxd6 cxd6 35. Nf5 Nc8 36. Be3 Nf7 37. Nc4 Kg8 38. b5 Kf8 39. Na5 Nd8 40. Nc4 Nf7 41. Kf2 Ke8 42. Ke2 Kd7 43. Kd3 Ke6 44.
Na5 b6 45. Nc6 d5 46. Nh6 dxe4+ 47. Kxe4 Nxh6 48. Bxh6 Nd6+ 49. Kd3 Nxb5 50. Be3 Nd6 51. Nxa7 e4+ 52. Kc2 b5 53. Bc5 Nc4 54. Nxb5 Ne5 55. Nd4+ Kd5 56. b4 Nf3 57. Nxf3 gxf3 58. Kb3 Bg5 59.
c4+ Ke5 60. Kc3 1-0

[Event "Early-Titled-Tuesday-Blitz-May-28-2024"]
[Site "Chess.com"]
[Date "2024.05.28"]
[Round "4"]
[White "Adar_07"]
[Black "AlbusSevresPotter"]
[Result "1-0"]
[WhiteElo "2769"]
[BlackElo "2549"]
[TimeControl "180+1"]
[EndTime "8:40:09 PDT"]
[Termination "Adar_07 won on time"]

1. Nf3 Nf6 2. d4 e6 3. Bg5 Be7 4. Bxf6 Bxf6 5. e4 d6 6. c3 O-O 7.
h4 Nc6 8. g4 g6 9. g5 Bg7 10.
Nbd2 e5 11. d5 Ne7 12. Qb3 f5 13. Bd3 fxe4 14. Bxe4 Rf4 15. O-O-O Qf8 16. Rde1 Bg4 17. Qxb7 Rc8 18. Nh2 Bd7 19. Qxa7 Rxh4 20. Nhf3 Rf4 21. Qe3 Ra8 22. a3 Nf5 23. Qd3 Qe7 24. Rh2 Rf8 25.
Reh1 h5 26. gxh6 Bf6 27. Rg1 Kh7 28. Kb1 Qe8 29. Ka1 Bb5 30. c4 Bd7 31. Rhg2 Ne7 32.
Rxg6 Rxe4 33. Rg7+ Bxg7 34. Qxe4+ Bf5 35. Ng5+ Kxh6 36.
Qh4+ Qh5 37. Qg3 Bf6 38. Nge4 Rg8 39. Qe3+ Bg5 40. Qe1 Bxe4 41. Nxe4 Bh4 42. Qc1+ Kh7 43. Rh1 Nf5 44. Nf6+ 1-0

[Event "Early-Titled-Tuesday-Blitz-May-28-2024"]
[Site "Chess.com"]
[Date "2024.05.28"]
[Round "4"]
[White "Shuvalov"]
[Black "Chessmissile07"]
[Result "0-1"]
[WhiteElo "2578"]
[BlackElo "2842"]
[TimeControl "180+1"]
[EndTime "8:40:10 PDT"]
[Termination "Chessmissile07 won on time"]

1. d4 a6 2. e4 d5 3. exd5 Qxd5 4. Nc3 Qd6 5. Nf3 Nf6 6. g3 g6 7. Bg2 Bg7 8. O-O O-O 9. Bf4 Qb6 10. Rb1 Nc6 11. h3 Be6 12. a3 Rad8 13. Na4 Qb5 14. Nc3 Qc4 15. Bxc7 Rd7 16. Bb6 Nd5 17. Nxd5 Bxd5 18.
c3 Be4 19. Nd2 Qb5 20. Nxe4 Qxb6 21. Qe2 e6 22. Rbd1 Rdd8 23. h4 Na5 24. h5 Qb5 25. Qxb5 axb5 26. hxg6 hxg6 27. Rfe1 Nc4 28. Re2 b6 29. Rde1 Bh6 30. f4 Bg7 31. Kf2 Rd7 32. Ng5 Rfd8 33. Bc6 Rc7 34. Bxb5 Nd6 35. Bd3 Bf6 36.
Ne4 Nxe4+ 37. Bxe4 g5 38. Kf3 gxf4 39. gxf4 Kf8 40.
Rh1 Ke7 41. Rh7 Rh8 42. Reh2 Rxh7 43. Rxh7 Kf8 44. f5 exf5 45. Bxf5 Re7 46. Be4 Bg5 47. Rh5 Bc1 48. Rb5 Re6 49. a4 Rf6+ 50. Ke2 Rh6 51.
Kd3 Ke7 52. Kc2 Bf4 53. b4 Kd8 54. a5 bxa5 55. Rxa5 Rh2+ 56. Kb3 Rh3 57. Rd5+ Kc7 58. Rc5+ Kb8 59. b5 Re3 60. Bd5 f5 61. Bc6 Bg3 62.
Rxf5 Be1 63. Rc5 Ka7 64. Bd5 Kb6 0-1

[Event "Early-Titled-Tuesday-Blitz-May-28-2024"]
[Site "Chess.com"]
[Date "2024.05.28"]
[Round "4"]
[White "rookpower2004"]
[Black "klercaku"]
[Result "0-1"]
[WhiteElo "2485"]
[BlackElo "2295"]
[TimeControl "180+1"]
[EndTime "8:40:10 PDT"]
[Termination "klercaku won by checkmate"]

1. e4 e5 2. d4 exd4 3. Qxd4 Nc6 4. Qe3 d6 5. Nc3 Nf6 6. Bd2 Be7 7. Bc4 Be6 8. Nd5 a6 9. f4 Ng4 10. Qe2 Nf6 11.
Nf3 b5 12. Bb3 Nb8 13. O-O Nbd7 14. Rae1 O-O 15. Nxe7+ Qxe7 16. Nd4 Bxb3 17. axb3 Rfe8 18. Nc6 Qxe4 19. Qd1 Qxc6 20. Bc3 Ne4 21. Bd4 f5 22. Qd3 Ndf6 23. Bxf6 Nxf6 24. Qxf5 Qc5+ 25. Qxc5 dxc5 26. h3 Rad8 27. Rxe8+ Nxe8 28. Re1 Kf7 29. Re2 Rd1+ 30. Kf2 Rb1 31. c3 Nd6 32. Kf3 c4 33.
b4 Rd1 34. g4 Ra1 35. f5 a5 36. bxa5 Rxa5 37. Kf4 Ra2 38. g5 b4 39. Kf3 bxc3 40.
bxc3 Rxe2 41. Kxe2 Nxf5 42. Kf3 Nd6 43. Ke3 Kg6 44.
Kf4 Nb5 45. h4 Nxc3 46. Kg4 Nd5 47. h5+ Kf7 48. Kf5 c3 49. g6+ hxg6+ 50. hxg6+ Kf8 51. Ke6 c2 52. Kxd5 c1=Q 53. Ke6 Qe3+ 54. Kd7 c5 55.
Kd6 c4 56. Kd7 c3 57. Kd6 c2 58. Kd7 c1=Q 59. Kd8 Qd4# 0-1

[Event "Early-Titled-Tuesday-Blitz-May-28-2024"]
[Site "Chess.com"]
[Date "2024.05.28"]
[Round "4"]
[White "Wizard_97"]
[Black "Cheer_Down"]
[Result "1-0"]
[WhiteElo "2722"]
[BlackElo "2494"]
[TimeControl "180+1"]
[EndTime "8:40:12 PDT"]
[Termination "Wizard_97 won by resignation"]

1. d4 Nf6 2. Nc3 e6 3. Bf4 d5 4. a3 a6 5. e3 c5 6. Nf3 Nc6 7. Be2 cxd4 8. exd4 Be7 9. O-O O-O 10. Ne5 Bd7 11.
Qd2 b5 12. Rad1 Rc8 13. Rfe1 Na5 14. Qe3 Nc4 15. Bxc4 bxc4 16. Qf3 Bc6 17. Ne2 Ne4 18. Ng3 Bb7 19. c3 f6 20. Ng4 Bd6 21. Nxe4 dxe4 22. Qg3 Bxf4 23. Qxf4 Bd5 24. Ne3 Qc7 25. Qh4 f5 26.
Rd2 Rb8 27. Qg5 h6 28. Qh4 Rb6 29. g3 Kh7 30. Ng2 g5 31. Qh5 Qf7 32. Qxf7+ Rxf7 33. Ne3 Rfb7 34. Nd1 Kg6 35. Ree2 Kf6 36. Rc2 Bc6 37. Ne3 Bd5 38. Kf1 Rg7 39. Ke1 h5 40. Ng2 f4 41.
gxf4 gxf4 42. Nxf4 Rg1+ 43. Kd2 Rb1 44. Ke3 Rh1 45. Nxh5+ Ke7 46. Nf4 Rxh2 47. Re1 Rb8 48. Rg1 Kd6 49. Rg6 Rf8 50. Nxd5 Rf3+ 51. Kxe4 Rfxf2 52. Rxf2 Rxf2 53. Ne3 Rxb2 54. Nxc4+ Kc6 55. Nxb2 1-0

[Event "Early-Titled-Tuesday-Blitz-May-28-2024"]
[Site "Chess.com"]
[Date "2024.05.28"]
[Round "4"]
[White "BogdanDeac"]
[Black "Yaacovn"]
[Result "0-1"]
[WhiteElo "3117"]
[BlackElo "2874"]
[TimeControl "180+1"]
[EndTime "8:40:13 PDT"]
[Termination "Yaacovn won by resignation"]

1. d4 Nf6 2. c4 e5 3. dxe5 Ne4 4.
Nd2 Bb4 5. a3 Nxd2 6. Bxd2 Bxd2+ 7. Qxd2 O-O 8. f4 Nc6 9. Nf3 Qe7 10. e3 Rd8 11. Be2 d6 12. exd6 Rxd6 13. Qc3 Bf5 14.
Kf2 Re8 15. Rhe1 Re6 16. Bf1 Bg4 17. Ng5 Rd6 18. Be2 h6 19. Bxg4 hxg5 20. Kg1 Red8 21. Rad1 g6 22. Bf3 gxf4 23. exf4 Rxd1 24. Bxd1 Qc5+ 25. Kf1 Nd4 26. g3 Qc6 27. Kf2 a5 28.
b4 axb4 29. axb4 Qd7 30. Bf3 Qh3 31. Bg2 Qf5 32. Qd2 c5 33. bxc5 Qxc5 34. Kf1 Qxc4+ 35. Kf2 Qc5 36. Kf1 b5 37. Qd3 b4 38. Re5 Qb6 39. Rd5 Rxd5 40. Bxd5 Kg7 41. Qc4 b3 42. Be4 b2 43.
Bb1 Qd6 44. Qc3 Qb6 45. Ke1 Kg8 46. Kd2 Qd6 47. Ke1 Qe7+ 48. Kf2 Qe2+ 49. Kg1 Nf3+ 0-1